 Dungeon Crawl Stone Soup version 0.28-a0-1213-g0243856f03 (webtiles) character file.

Game seed: 46605178824988900

26 ytrimaz the Insei (level 3, 0/24 HPs)
             Began as an Octopode Transmuter on Dec 21, 2021.
             Slain by a gnoll (8 damage)
             ... on level 2 of the Dungeon.
             The game lasted 00:01:13 (994 turns).

ytrimaz the Insei (Octopode Transmuter)              Turns: 994, Time: 00:01:14

Health: 0/24       AC:  1    Str:  9    XL:     3   Next: 8%
Magic:  3/6        EV: 13    Int: 17    God:
Gold:   67         SH:  5    Dex: 12    Spells: 0/6 levels left

rFire   . . .      SeeInvis .     - Unarmed
rCold   . . .      Faith    .   (no shield)
rNeg    . . .      Spirit   .   (helmet restricted)
rPois   .          Reflect  +   g - amulet of reflection
rElec   .          Harm     .   (no ring)
rCorr   .          Rampage  .   (no ring)
Will    .....                   (no ring)
Stlth   ++........              (no ring)
HPRegen 0.08/turn               (no ring)
MPRegen 0.10/turn               (no ring)
                                (no ring)
                                (no ring)

@: lethally poisoned (0 -> 0), very slightly contaminated
A: almost no armour, amphibious, 8 rings, camouflage 1, gelatinous body 1,
(nimble swimmer 1), tentacles
a: no special abilities


You were on level 2 of the Dungeon.
You visited 1 branch of the dungeon, and saw 2 of its levels.

You collected 67 gold pieces.

Inventory:

Jewellery
 g - an amulet of reflection (around mantle)
Wands
 h - a wand of flame (8)
Scrolls
 b - a scroll of blinking {unknown}
 c - a scroll of teleportation {unknown}
 d - a scroll of noise {unknown}
 f - a scroll of immolation {unknown}
Potions
 a - 2 potions of heal wounds {unknown}
 e - a potion of invisibility {unknown}


   Skills:
 * Level 1.7 Fighting
 * Level 2.3 Dodging
 + Level 3.2 Unarmed Combat
 * Level 2.1 Spellcasting
 * Level 2.2 Transmutations


You couldn't memorise any spells.
You knew the following spells:

 Your Spells              Type           Power      Damage    Failure   Level
a - Beastly Appendage     Tmut           18%        N/A       8%          1
b - Wereblood             Tmut           9%         N/A       12%         2
c - Spider Form           Tmut/Pois      5%         N/A       34%         3

Your spell library contained the following spells:

 Spells                   Type           Power      Damage    Failure   Level
 Ensorcelled Hibernation  Hex/Ice        2%         N/A       28%         2
 Ice Form                 Ice/Tmut       5%         N/A       75%         4


Dungeon Overview and Level Annotations

Branches:
Dungeon (2/15)

Altars:


Innate Abilities, Weirdness & Mutations

You cannot wear most types of armour.
You are amphibious.
You can wear up to eight rings at the same time.
Your skin changes colour to match your surroundings (Stealth+).
Your rubbery body absorbs attacks. (AC +1, EV +1)
((You are camouflaged when in or above water. (Stealth+)))
You have tentacles for arms and can constrict up to eight enemies at once.


Message History

You start memorising the spell.
You continue memorising. x3
You finish memorising.
Spell assigned to 'c'.
Unknown command.
Your tentacle spike disappears.
You now have 67 gold pieces (gained 10).
A gnoll comes into view. It is wielding a +0 club.
The gnoll shouts!
A gnoll is nearby!
A gnoll is nearby!
A gnoll is nearby!
Casting: Beastly Appendage (safe; 8% risk of failure)
Confirm with . or Enter, or press ? or * to list all spells.
The spell is extremely dangerous to miscast (34% risk of failure)!
Continue anyway?
Uppercase [Y]es or [N]o only, please.
The spell is extremely dangerous to miscast (34% risk of failure)!
Continue anyway?
Okay, then.
A hobgoblin comes into view.
Casting: Spider Form (extremely dangerous; 34% risk of failure)
Confirm with . or Enter, or press ? or * to list all spells.
The spell is extremely dangerous to miscast (34% risk of failure)!
Continue anyway?
You miscast Spider Form.
You are very lightly contaminated with residual magic.
You feel odd!
You are poisoned.
The hobgoblin shouts!
You feel sick.
You hear a shout!
A gnoll comes into view. It is wielding a +0 club.
You feel sick. You block the gnoll's attack.
You closely miss the gnoll.
The gnoll shouts!
You grab the gnoll.
You constrict the gnoll, but do no damage.
You feel sick. The gnoll hits you with a +0 club.
A gnoll comes into view. It is wielding a +0 flail.
You tentacle-slap the gnoll.
The gnoll is lightly wounded.
You constrict the gnoll, but do no damage.
You feel sick. The gnoll hits you with a +0 club!
You die... . #### ..gg###### ##... #...gg@.###.†# #### #.#####..#...# P.. ##.....# PPP

# ##....##########
#####+########.............
#..P#...#...# #.........##..
#P..#...#..P# #.........###.
#...#...#P..# #>........##..
#####...#######.........#...


You could see 3 gnolls and a hobgoblin.

Vanquished Creatures
  A dart slug (D:2)
  2 bats (D:2)
  4 endoplasms (D:1)
  A goblin (D:1)
  2 hobgoblins (D:1)
  2 jackals (D:1)
  2 kobolds (D:1)
  A quokka (D:1)
  A ball python (D:2)
  4 frilled lizards
  3 rats
23 creatures vanquished.

Notes
Turn   | Place    | Note
-------+----------+-------------------------------------------
     0 | D:1      | ytrimaz the Octopode Transmuter began the quest for the
                  | Orb.
     0 | D:1      | Reached XP level 1. HP: 13/13 MP: 3/3
   273 | D:2      | Reached XP level 2. HP: 18/18 MP: 3/5
   384 | D:1      | Learned a level 2 spell: Wereblood
   876 | D:1      | You fall into a shaft and drop 1 floor!
   971 | D:2      | Reached XP level 3. HP: 24/24 MP: 4/6
   976 | D:2      | Learned a level 3 spell: Spider Form
   994 | D:2      | Slain by a gnoll

Illustrated notes

Levels and vault maps discovered:
D:1:      nzn_arrival_depleted_hourglass, layout_rooms
D:2:      layout_rooms, serial_aquarium, aquarium_bridge_square
          [aquarium_subvault_bridge, aquarium_subvault_window,
          aquarium_subvault_bridge, aquarium_subvault_balcony],
          aquarium_bridge_square [aquarium_subvault_window,
          aquarium_subvault_bridge, aquarium_subvault_bridge,
          aquarium_subvault_window], aquarium_window_corner, aquarium_window_1,
          aquarium_view_2b, aquarium_view_2g, aquarium_pool_four,
          uniq_crazy_yiuf_cottage

Action                   || total
-------------------------++-------
Melee: Unarmed           ||    43
       Constrict         ||    16
       Tentacles         ||     6
       Kick              ||    11
 Cast: Beastly Appendage ||    14
 Stab: Sleeping          ||     4
Armor: Skin              ||     6
Dodge: Dodged            ||    32
Block: Other             ||     9

Table legend: (Time is in decaauts)
 A = Elapsed time spent in this place.
 B = Non-inter-level travel time spent in this place.
 C = Inter-level travel time spent in this place.
 D = Time resting spent in this place.
 E = Time spent auto-exploring this place.
 F = Levels seen in this place.
 G = Mean time per level.
                   A        B        C        D        E       F      G
               +--------+--------+--------+--------+--------+-----+--------+
         Total |    992 |    992 |      0 |      0 |    757 |   2 |  496.0 |
       Dungeon |    992 |    992 |      0 |      0 |    757 |   2 |  496.0 |
               +--------+--------+--------+--------+--------+-----+--------+

Top non-repeatable levels by time:
     D:1: 772 daAuts
     D:2: 219 daAuts
